 Dungeon Crawl Stone Soup version 0.20.1-1-g8b1a95d (webtiles) character file.

30 StormFighter the Ruffian (level 3, -1/28 HPs)
             Began as a Draconian Transmuter on July 10, 2017.
             Slain by Natasha (5 damage)
             ... on level 2 of the Dungeon.
             The game lasted 00:01:57 (1108 turns).

StormFighter the Ruffian (Draconian Transmuter)     Turns: 1108, Time: 00:01:58

Health: -1/28      AC:  5    Str: 12    XL:     3   Next: 5%
Magic:  6/6        EV: 12    Int: 14    God:
Gold:   77         SH:  0    Dex: 11    Spells: 5/6 levels left

rFire    . . .     SeeInvis .     - Unarmed
rCold    . . .     Gourm    .   (no shield)
rNeg     . . .     Faith    .   (armour unavailable)
rPois    .         Spirit   .   (helmet restricted)
rElec    .         Reflect  .   (no cloak)
rCorr    .         Harm     .   (no gloves)
MR       .....                  (no boots)
Stlth    +.........             h - amulet of inaccuracy (curse)
Regen    0.1/turn               (no ring)
MPRegen  0.1/turn               (no ring)

@: slowed, very slow
A: unfitting armour, cold-blooded, AC +5
a: no special abilities


You were on level 2 of the Dungeon.
You were very hungry.

You visited 1 branch of the dungeon, and saw 2 of its levels.

You collected 77 gold pieces.

Inventory:

Missiles
 a - 12 arrows
Jewellery
 h - a cursed amulet of inaccuracy (around neck)
 i - an uncursed ring of poison resistance {unknown}
Potions
 f - a potion of might {unknown}
 g - a potion of magic {unknown}
Books
 b - a book of Changes

   Spells                             Type                      Level
   a - Beastly Appendage              Transmutation                1
   b - Sticks to Snakes               Transmutation                2
   c - Spider Form                    Transmutation/Poison         3
   d - Ice Form                       Ice/Transmutation            4
   e - Blade Hands                    Transmutation                5
Comestibles
 c - 2 bread rations


   Skills:
 - Level 1.1 Fighting
 - Level 1.7 Dodging
 + Level 4.2 Unarmed Combat
 - Level 2.0 Spellcasting
 - Level 2.0 Transmutations


You had 5 spell levels left.
You knew the following spells:

 Your Spells              Type           Power        Failure   Level  Hunger
a - Beastly Appendage     Tmut           #.....       11%         1    ##.....


Dungeon Overview and Level Annotations

Branches:
Dungeon (2/15)

Altars:

Annotations:
D:2 Natasha


Innate Abilities, Weirdness & Mutations

Your plain brown scales are hard. (AC +5)
You cannot fit into any form of body armour.
You are cold-blooded and may be slowed by cold attacks.


Message History

The frilled lizard hisses angrily.
Natasha drinks a potion.
Natasha flickers and vanishes!
Deactivating autopickup; reactivate with Ctrl-A.
You hit the frilled lizard.
You kill the frilled lizard!
You barely miss something. Your headbutt misses something.
Your tail-slap misses something.
Your transformation is almost over.
You hear some strange, mumbled words.
You feel yourself slow down.
You closely miss something. Something barely misses you.
You miss something. Something claws you! Something claws you.
You barely miss something. Something claws you but does no damage.
You hit something. Something claws you. Something barely misses you.
You miss something. You headbutt something. Something claws you.
* * * LOW HITPOINT WARNING * * *
You completely miss something. You headbutt something.
Your horns disappear.
Something claws you.
You die...

#.#...<......... #
####.#.##.#.# #.
#...##+#.# #.#
#..#.....# #.#
#........# #.#
#........# #.#
#.#.#.รท### #.#
#.#.#..######+#
#####.####.#...[@{g.....
...........##.#.##......
#####<#######...# .....
######......##..# ....
....[.......##..# ...
............+..># ..
............##### [
............#
.......)....#


You could see a goblin.

Vanquished Creatures
  An adder (D:2)
  A giant cockroach (D:1)
  3 hobgoblins (D:1)
  A jackal (D:1)
  3 kobolds
  4 bats
  3 frilled lizards
  2 goblins (D:1)
  3 rats (D:1)
21 creatures vanquished.

Notes
Turn   | Place    | Note
-------+----------+-------------------------------------------
     0 | D:1      | StormFighter the Draconian Transmuter began the quest for the Orb.
     0 | D:1      | Reached XP level 1. HP: 16/16 MP: 3/3
   307 | D:1      | Reached XP level 2. HP: 23/23 MP: 3/5
   846 | D:2      | Reached skill level 4 in Unarmed Combat
   886 | D:2      | Reached XP level 3. HP: 11/28 MP: 4/6
  1096 | D:2      | Noticed Natasha
  1108 | D:2      | Slain by Natasha

Skill      XL: |  1  2 |
---------------+-------+-----
Unarmed Combat | 4 |  4.2
Fighting       | |  1.1
Dodging        | |  1.7
Spellcasting   | |  2.0
Transmutations | |  2.0

Action                   || total
-------------------------++-------
Melee: Unarmed           ||   111
       Tailslap          ||     6
       Headbutt          ||     7
       Kick              ||     5
 Cast: Beastly Appendage ||    16
  Use: Scroll            ||     3
Armor: Skin              ||    55
Dodge: Dodged            ||   110
